 Dungeon Crawl Stone Soup version 0.28-a0-863-g8cecda6153 (webtiles) character file.

Game seed: 16593264903937413342

665 Peloso the Slasher (level 7, -2/61 HPs)
             Began as a Minotaur Fighter on Nov 17, 2021.
             Killed from afar by Dowan (4 damage)
             ... with a puff of frost
             ... on level 4 of the Dungeon.
             The game lasted 00:08:42 (3891 turns).

Peloso the Slasher (Minotaur Fighter)               Turns: 3891, Time: 00:08:44

Health: -2/61      AC: 12    Str: 22    XL:     7   Next: 31%
Magic:  6/6        EV:  8    Int:  5    God:
Gold:   104        SH:  5    Dex: 16    Spells: 6/6 levels left

rFire   . . .      SeeInvis .   a - +2 long sword
rCold   + . .      Faith    .   c - +0 buckler
rNeg    . . .      Spirit   .   p - +1 chain mail
rPois   .          Reflect  .   (helmet restricted)
rElec   .          Harm     .   (no cloak)
rCorr   .          Rampage  .   q - +0 pair of gloves
Will    .....                   (no boots)
Stlth   ..........              (no amulet)
HPRegen 0.20/turn               m - ring of protection from cold
MPRegen 0.10/turn               e - +6 ring of dexterity

@: lethally poisoned (-2 -> -42)
A: horns 2, retaliatory headbutt
a: no special abilities


You were on level 4 of the Dungeon.
You visited 1 branch of the dungeon, and saw 4 of its levels.

You collected 104 gold pieces.

Inventory:

Hand Weapons
 a - a +2 long sword (weapon)
Armour
 b - a +0 scale mail
 c - a +0 buckler (worn)
 o - a +0 scale mail of willpower
 p - a +1 chain mail (worn)
 q - a +0 pair of gloves (worn)
Jewellery
 e - a +6 ring of dexterity (right hand)
 m - a ring of protection from cold (left hand)
Wands
 d - a wand of digging (6)
 r - a wand of acid (3)
Scrolls
 f - a scroll of immolation
Potions
 l - 2 potions of invisibility


   Skills:
 + Level 5.4 Fighting
 + Level 7.5 Long Blades
 + Level 5.1 Armour
 + Level 0.7 Dodging
 + Level 0.8 Stealth
 + Level 4.4 Shields


You had 6 spell levels left.
You didn't know any spells.
Your spell library contained the following spells:

 Spells                   Type           Power      Damage    Failure   Level
 Beastly Appendage        Tmut           0%         N/A       99%         1
 Wereblood                Tmut           0%         N/A       99%         2
 Spider Form              Tmut/Pois      0%         N/A       100%        3


Dungeon Overview and Level Annotations

Branches:
Dungeon (4/15)
 Temple: D:4-7

Altars:
Fedhas
Qazlal
Sif Muna

Annotations:
D:3 1 runed translucent door, Crazy Yiuf
D:4 Dowan, Duvessa


Innate Abilities, Weirdness & Mutations

You have a pair of horns on your head.
You reflexively headbutt those who attack you in melee.


Message History

Duvessa hits you but does no damage. You block the hound's attack.
The goblin closely misses you. You furiously retaliate!
You headbutt the goblin!
You kill the goblin!
The goblin unwields a +0 dagger.
The goblin wields a +0 hunting sling.
The goblin shoots a stone.
The stone hits you but does no damage.
You feel sick. Dowan hits you but does no damage.
Duvessa hits you with a +6 rapier of venom!
You are more poisoned.
The hound completely misses you. You furiously retaliate!
You headbutt the hound!
Unknown command.
You hit Dowan.
Dowan is moderately wounded.
You feel very sick.
Duvessa hits you with a +6 rapier of venom.
You are lethally poisoned!
The hound bites you but does no damage. Dowan hits you but does no damage.
Duvessa closely misses you. You block the hound's attack.
You slash Duvessa! You headbutt Duvessa!
Duvessa is almost dead.
* * * LOW HITPOINT WARNING * * *
You feel very sick. Duvessa closely misses you. You block Dowan's attack.
The hound bites you.
* * * LOW HITPOINT WARNING * * *
Unknown command.
You hit Duvessa but do no damage.
Duvessa is almost dead.
* * * LOW HITPOINT WARNING * * *
You feel very sick. Duvessa hits you but does no damage.
You are more poisoned.
You block the hound's attack. Dowan hits you but does no damage.
Duvessa hits you with a +6 rapier of venom.
* * * LOW HITPOINT WARNING * * *
You are more poisoned.
The hound bites you but does no damage. Dowan casts a spell at you.
The puff of frost hits you. You resist.
You die...

#.......#### ##.#
#.......##.####...
#.................
#.................
#...###.#........#
#.†.# ###.........
#...# ##........
#e..# #........
#######@###
...........
.....geh#
#....#..###
.#.#..†##
####....##. ##..
.<...... ....
......... ..... ..
##..... .......#..
.#.......
.......#... ...
.#... .......#...
#.. ##...


You could see Duvessa (fast), Dowan, a hound and a goblin.

Vanquished Creatures
  Grinder (D:3)
  An ogre (D:3)
  A phantom (D:4)
  Terence (D:3)
  2 hounds
  2 iguanas
  Ijyb (D:3)
  Robin (D:2)
  4 adders
  2 worms (D:3)
  2 dart slugs
  5 orcs (D:3)
  4 endoplasms
  4 giant cockroaches
  7 hobgoblins
  4 quokkas
  6 ball pythons
  2 bats
  4 frilled lizards
  12 goblins
  A jackal skeleton (D:3)
  6 kobolds
  4 rats (D:3)
77 creatures vanquished.

Vanquished Creatures (others)
  2 plants (D:3)
2 creatures vanquished.

Grand Total: 79 creatures vanquished

Notes
Turn   | Place    | Note
-------+----------+-------------------------------------------
     0 | D:1      | Peloso the Minotaur Fighter began the quest for the Orb.
     0 | D:1      | Reached XP level 1. HP: 19/19 MP: 0/0
   341 | D:1      | You fall into a shaft and drop 1 floor!
   380 | D:2      | Reached XP level 2. HP: 27/27 MP: 1/1
   406 | D:2      | Noticed Robin
   420 | D:2      | Killed Robin
   421 | D:2      | Reached XP level 3. HP: 33/33 MP: 2/2
   423 | D:2      | Reached skill level 3 in Long Blades
  1115 | D:1      | Found a faded altar of an unknown god.
  1722 | D:3      | Noticed Grinder
  1730 | D:3      | Paralysed by Grinder for 4 turns
  1734 | D:3      | Killed Grinder
  1735 | D:3      | Reached skill level 5 in Long Blades
  1735 | D:3      | Reached XP level 4. HP: 9/41 MP: 3/3
  1735 | D:3      | Reached XP level 5. HP: 10/47 MP: 4/4
  1735 | D:3      | Reached XP level 6. HP: 12/53 MP: 5/5
  2324 | D:3      | Noticed Terence
  2344 | D:3      | Killed Terence
  2449 | D:3      | Reached skill level 6 in Long Blades
  2861 | D:3      | Reached skill level 5 in Fighting
  2906 | D:3      | Found a blossoming altar of Fedhas.
  2908 | D:3      | Found a stormy altar of Qazlal.
  3022 | D:3      | Found a runed translucent door.
  3023 | D:3      | Noticed Crazy Yiuf
  3084 | D:3      | Noticed Ijyb
  3116 | D:3      | Killed Ijyb
  3336 | D:3      | Reached skill level 7 in Long Blades
  3336 | D:3      | Reached XP level 7. HP: 49/61 MP: 6/6
  3339 | D:3      | Found a shimmering blue altar of Sif Muna.
  3808 | D:4      | Reached skill level 5 in Armour
  3872 | D:4      | Noticed Dowan
  3872 | D:4      | Noticed Duvessa
  3891 | D:4      | HP: 2/61 [Duvessa (6)]
  3891 | D:4      | Killed from afar by Dowan

Illustrated notes

Levels and vault maps discovered:
D:1:      lightli_molten_gateway, layout_basic,
          hellmonk_ecumenical_altar_zigzags
D:2:      layout_loops_ring, uniq_robin
D:3:      layout_basic, marbit_many_paths,
          grunt_temple_overflow_forces_of_nature, serial_bayou,
          serial_bayou_crossing, serial_bayou_pond_b, serial_bayou_pond_b,
          serial_bayou_pond_b, serial_bayou_lake_a, uniq_ijyb, uniq_terence,
          uniq_grinder, uniq_crazy_yiuf_cottage
D:4:      layout_cave_pools, nicolae_ru_path_of_blood,
          lightli_sewer_entry_pipes, uniq_duvessa

Skill      XL: |  1  2  3  4  5  6  7 |
---------------+----------------------+-----
Armour         | 4 5 |  5.1
Fighting       | 4 5 |  5.4
Long Blades    | 5 7 |  7.5
Shields        | 4 |  4.4
Dodging        | |  0.7
Stealth        | |  0.8

Action                   |  1- 3 |  4- 6 |  7- 9 || total
-------------------------+-------+-------+-------++-------
Melee: Long sword        |    82 |    94 |    28 ||   204
       Headbutt          |    12 |    16 |     8 ||    36
  Use: Potion            |     3 |       |     3 ||     6
       Scroll            |       |     2 |     5 ||     7
Armor: Scale mail        |    30 |    23 |       ||    53
       Chain mail        |       |     4 |    24 ||    28
Dodge: Dodged            |    30 |    30 |    16 ||    76
Block: Buckler           |    18 |    23 |    12 ||    53

Table legend: (Time is in decaauts)
 A = Elapsed time spent in this place.
 B = Non-inter-level travel time spent in this place.
 C = Inter-level travel time spent in this place.
 D = Time resting spent in this place.
 E = Time spent auto-exploring this place.
 F = Levels seen in this place.
 G = Mean time per level.
                   A        B        C        D        E       F      G
               +--------+--------+--------+--------+--------+-----+--------+
         Total |   3984 |   3802 |    182 |    288 |   2618 |   4 |  996.0 |
       Dungeon |   3984 |   3802 |    182 |    288 |   2618 |   4 |  996.0 |
               +--------+--------+--------+--------+--------+-----+--------+

Top non-repeatable levels by time:
     D:3: 2146 daAuts
     D:1: 1070 daAuts
     D:2: 670 daAuts
     D:4: 97 daAuts
